[ PARTIDA AOE2 · #467432321 ]
UnrankedTurcos vs Khmer
[ ANÁLISIS DE REPETICIÓN · EXTRAÍDO DE LA PARTIDA GRABADA ]
Feudal
10:22
Castillos
15:10
Imperial
25:07
| APM promedio | 48.7 |
| APM pico | 80 |
| eAPM promedio | 25.9 |
| Aldeanos / militares | 51 / 162 |
Foco
⚔️ 28.8% · 🌾 71.2%
Janissary ×142 · Bombard Cannon ×19 · Trebuchet (Packed) ×1
Feudal
8:58
Castillos
18:05
Imperial
29:33
| APM promedio | 57.6 |
| APM pico | 113 |
| eAPM promedio | 34.3 |
| Aldeanos / militares | 187 / 155 |
Foco
⚔️ 33.0% · 🌾 67.0%
Skirmisher ×91 · Cavalry Archer ×52 · Scout Cavalry ×7 · Monk ×3 · Archer ×2
Feudal
8:50
Castillos
23:02
Imperial
36:02
| APM promedio | 41.4 |
| APM pico | 90 |
| eAPM promedio | 26.4 |
| Aldeanos / militares | 156 / 12 |
Foco
⚔️ 18.3% · 🌾 81.7%
Hand Cannoneer ×7 · Skirmisher ×5
Feudal
9:53
Castillos
—
Imperial
—
| APM promedio | 28.0 |
| APM pico | 67 |
| eAPM promedio | 19.2 |
| Aldeanos / militares | 89 / 0 |
Foco
⚔️ 16.2% · 🌾 83.8%
Mapa de la partida
Recursos iniciales + cada clic de construcción. Líneas = muros · curvas = relieve. ◆ oro · ⬟ piedra · ● bayas · ✦ reliquia · ◌ hueco del cierre
Tu base· ✓ Cerrada en 15:10 · 3t muro · 4 puerta(s)
Base de BuzZ_Melon· ✓ Cerrada en 18:05 · 0t muro · 2 puerta(s)
Base de Prad Bitt· ✓ Cerrada en 23:02 · 4t muro · 2 puerta(s)
Base de kingofarena· ✓ Cerrada en 37:52 · 59t muro · 2 puerta(s)
Terreno inicial suavizado · ◌ = hueco del cierre detectado · pasá el cursor para detalles
Inputs por minuto
— lichu_pastore - - BuzZ_Melon
Build order — lichu_pastore
Primeras 150 de 157 acciones detectadas
| 0:00 | Crear | Villager (Male) |
| 0:00 | Crear | Villager (Male) |
| 0:02 | Construir | House |
| 0:03 | Construir | House |
| 0:29 | Crear | Villager (Male) ×2 |
| 1:32 | Crear | Villager (Male) |
| 1:46 | Construir | Lumber Camp |
| 1:58 | Crear | Villager (Male) |
| 1:58 | Crear | Villager (Male) |
| 2:21 | Crear | Villager (Male) |
| 2:21 | Crear | Villager (Male) |
| 2:44 | Crear | Villager (Male) |
| 2:44 | Crear | Villager (Male) |
| 3:04 | Crear | Villager (Male) |
| 3:05 | Crear | Villager (Male) |
| 3:32 | Crear | Villager (Male) |
| 3:33 | Crear | Villager (Male) |
| 3:33 | Crear | Villager (Male) |
| 3:57 | Construir | House |
| 3:59 | Construir | House |
| 4:04 | Crear | Villager (Male) |
| 4:17 | Construir | Palisade Gate |
| 4:24 | Crear | Villager (Male) |
| 4:25 | Crear | Villager (Male) |
| 4:41 | Construir | Palisade Gate |
| 4:49 | Construir | Palisade Wall |
| 4:49 | Construir | Palisade Wall |
| 4:50 | Construir | Palisade Wall |
| 4:57 | Crear | Villager (Male) |
| 4:57 | Crear | Villager (Male) |
| 4:57 | Crear | Villager (Male) |
| 5:42 | Crear | Villager (Male) |
| 5:43 | Crear | Villager (Male) |
| 5:43 | Crear | Villager (Male) |
| 6:08 | Construir | Mill |
| 6:37 | Crear | Villager (Male) |
| 6:54 | Crear | Villager (Male) |
| 7:07 | Construir | Mining Camp |
| 7:24 | Investigar | Loom |
| 7:55 | Investigar | Feudal Age |
| 7:55 | Investigar | Feudal Age |
| 7:55 | Investigar | Feudal Age |
| 8:58 | Construir | House |
| 9:00 | Construir | House |
| 9:16 | Crear | Villager (Male) |
| 9:16 | Crear | Villager (Male) |
| 9:17 | Crear | Villager (Male) |
| 10:01 | Crear | Villager (Male) |
| 10:22 | Edad | Edad Feudal |
| 10:33 | Construir | Watch Tower |
| 10:47 | Construir | Market |
| 12:02 | Construir | Blacksmith |
| 12:30 | Investigar | Castle Age |
| 12:30 | Investigar | Castle Age |
| 12:31 | Investigar | Castle Age |
| 12:39 | Construir | Watch Tower |
| 14:17 | Investigar | Wheelbarrow |
| 14:18 | Investigar | Town Watch |
| 15:10 | Edad | Edad de los Castillos |
| 15:18 | Construir | Castle |
| 15:44 | Investigar | Fletching |
| 15:44 | Investigar | Fletching |
| 15:58 | Crear | Janissary ×3 |
| 16:14 | Construir | Mining Camp |
| 16:58 | Crear | Janissary ×2 |
| 16:59 | Crear | Janissary ×2 |
| 17:08 | Crear | Villager (Male) |
| 17:08 | Crear | Villager (Male) |
| 17:08 | Crear | Villager (Male) |
| 17:34 | Crear | Janissary |
| 17:43 | Construir | Siege Workshop |
| 18:55 | Construir | Castle |
| 21:57 | Investigar | Imperial Age |
| 21:57 | Investigar | Imperial Age |
| 22:16 | Construir | Gate |
| 23:24 | Construir | Siege Workshop |
| 23:33 | Crear | Janissary ×5 |
| 23:33 | Crear | Janissary ×5 |
| 23:33 | Crear | Janissary ×2 |
| 23:59 | Construir | Stone Wall |
| 24:33 | Construir | Castle |
| 24:42 | Construir | Siege Workshop |
| 24:46 | Crear | Janissary ×5 |
| 24:46 | Crear | Janissary ×5 |
| 24:47 | Crear | Janissary |
| 24:47 | Crear | Janissary |
| 25:07 | Edad | Edad Imperial |
| 25:09 | Crear | Villager (Male) |
| 25:09 | Crear | Villager (Male) |
| 25:09 | Crear | Villager (Male) |
| 25:54 | Investigar | Conscription |
| 25:54 | Investigar | Conscription |
| 26:13 | Crear | Villager (Male) |
| 26:13 | Crear | Villager (Male) |
| 26:27 | Investigar | Bodkin Arrow |
| 26:36 | Investigar | Padded Archer Armor |
| 26:59 | Crear | Janissary ×5 |
| 27:04 | Construir | Mining Camp |
| 27:18 | Crear | Bombard Cannon |
| 27:18 | Crear | Bombard Cannon |
| 27:19 | Crear | Bombard Cannon |
| 27:58 | Crear | Bombard Cannon |
| 27:58 | Crear | Bombard Cannon |
| 27:58 | Crear | Bombard Cannon |
| 28:24 | Crear | Janissary ×5 |
| 28:34 | Crear | Trebuchet (Packed) |
| 28:49 | Crear | Villager (Male) |
| 28:49 | Crear | Villager (Male) |
| 28:49 | Crear | Villager (Male) |
| 29:04 | Crear | Janissary ×5 |
| 29:31 | Crear | Bombard Cannon |
| 30:37 | Investigar | Elite Janissary (upgrade) |
| 30:37 | Investigar | Elite Janissary (upgrade) |
| 30:37 | Investigar | Elite Janissary (upgrade) |
| 31:18 | Crear | Janissary ×3 |
| 31:18 | Crear | Janissary ×3 |
| 31:34 | Crear | Bombard Cannon |
| 31:47 | Crear | Janissary ×5 |
| 31:48 | Crear | Janissary ×5 |
| 31:48 | Crear | Janissary ×5 |
| 31:48 | Crear | Janissary ×5 |
| 32:26 | Crear | Villager (Male) |
| 32:27 | Crear | Villager (Male) |
| 32:27 | Crear | Villager (Male) |
| 32:34 | Crear | Janissary ×2 |
| 32:34 | Crear | Janissary ×2 |
| 32:35 | Crear | Janissary ×2 |
| 32:57 | Crear | Bombard Cannon ×2 |
| 32:58 | Crear | Bombard Cannon ×2 |
| 33:01 | Crear | Janissary ×5 |
| 33:02 | Crear | Janissary ×5 |
| 33:02 | Crear | Janissary ×5 |
| 33:35 | Crear | Janissary ×4 |
| 33:35 | Crear | Janissary ×4 |
| 33:50 | Crear | Bombard Cannon |
| 33:50 | Crear | Bombard Cannon |
| 33:52 | Crear | Villager (Male) |
| 33:52 | Crear | Villager (Male) |
| 33:52 | Crear | Villager (Male) |
| 34:20 | Investigar | Leather Archer Armor |
| 34:42 | Crear | Janissary ×5 |
| 34:42 | Crear | Janissary ×5 |
| 34:43 | Crear | Janissary ×5 |
| 34:53 | Crear | Villager (Male) |
| 34:54 | Crear | Villager (Male) |
| 34:54 | Crear | Villager (Male) |
| 35:10 | Crear | Bombard Cannon |
| 35:10 | Crear | Bombard Cannon |
| 35:11 | Crear | Bombard Cannon |
| 36:33 | Crear | Janissary ×5 |
Build order — BuzZ_Melon
Primeras 150 de 495 acciones detectadas
| 0:05 | Construir | House |
| 0:06 | Construir | House |
| 0:07 | Crear | Villager (Male) |
| 0:08 | Crear | Villager (Male) |
| 0:08 | Crear | Villager (Male) |
| 0:10 | Crear | Villager (Male) |
| 1:32 | Crear | Villager (Male) |
| 2:00 | Construir | Lumber Camp |
| 2:03 | Crear | Villager (Male) |
| 2:18 | Crear | Villager (Male) |
| 2:51 | Crear | Villager (Male) |
| 3:26 | Crear | Villager (Male) |
| 3:37 | Construir | House |
| 3:41 | Crear | Villager (Male) |
| 4:02 | Crear | Villager (Male) |
| 4:25 | Construir | Mill |
| 4:43 | Crear | Villager (Male) |
| 4:43 | Crear | Villager (Male) |
| 4:55 | Crear | Villager (Male) |
| 5:30 | Crear | Villager (Male) |
| 5:37 | Crear | Villager (Male) |
| 5:48 | Crear | Villager (Male) |
| 5:54 | Crear | Villager (Male) |
| 6:17 | Crear | Villager (Male) |
| 6:47 | Investigar | Feudal Age |
| 7:04 | Construir | House |
| 7:44 | Construir | Mill |
| 8:58 | Edad | Edad Feudal |
| 8:59 | Construir | Stable |
| 9:01 | Crear | Villager (Male) |
| 9:06 | Investigar | Double-Bit Axe |
| 9:10 | Crear | Villager (Male) |
| 9:25 | Construir | House |
| 9:27 | Crear | Villager (Male) |
| 9:41 | Crear | Scout Cavalry |
| 9:51 | Crear | Villager (Male) |
| 9:53 | Investigar | Horse Collar |
| 9:53 | Investigar | Horse Collar |
| 9:56 | Construir | Farm |
| 10:07 | Construir | House |
| 10:11 | Crear | Scout Cavalry |
| 10:20 | Construir | Farm |
| 10:26 | Crear | Scout Cavalry |
| 10:27 | Crear | Villager (Male) |
| 10:29 | Construir | Farm |
| 10:34 | Construir | Farm |
| 10:46 | Crear | Villager (Male) |
| 10:49 | Construir | Farm |
| 11:00 | Construir | Farm |
| 11:06 | Crear | Villager (Male) |
| 11:12 | Crear | Villager (Male) |
| 11:12 | Crear | Villager (Male) |
| 11:15 | Construir | Farm |
| 11:25 | Crear | Villager (Male) |
| 11:32 | Construir | Farm |
| 11:37 | Crear | Villager (Male) |
| 11:46 | Crear | Scout Cavalry |
| 11:46 | Crear | Villager (Male) |
| 11:48 | Construir | Mining Camp |
| 11:56 | Construir | Farm |
| 11:56 | Crear | Villager (Male) |
| 12:15 | Crear | Villager (Male) |
| 12:18 | Construir | Farm |
| 12:37 | Crear | Villager (Male) |
| 12:40 | Crear | Villager (Male) |
| 12:42 | Construir | Farm |
| 13:10 | Crear | Villager (Male) |
| 13:13 | Construir | Farm |
| 13:15 | Construir | Farm |
| 13:49 | Crear | Villager (Male) |
| 13:51 | Construir | House |
| 13:55 | Investigar | Wheelbarrow |
| 13:57 | Construir | Blacksmith |
| 14:30 | Construir | House |
| 15:04 | Construir | House |
| 15:05 | Construir | House |
| 15:25 | Investigar | Castle Age |
| 16:30 | Construir | House |
| 16:31 | Crear | Scout Cavalry |
| 16:32 | Crear | Scout Cavalry |
| 16:34 | Investigar | Forging |
| 16:58 | Crear | Scout Cavalry |
| 17:01 | Construir | House |
| 17:10 | Investigar | Gold Mining |
| 17:37 | Construir | House |
| 18:05 | Edad | Edad de los Castillos |
| 18:07 | Crear | Villager (Male) |
| 18:09 | Investigar | Light Cavalry (upgrade) |
| 18:11 | Construir | Monastery |
| 18:15 | Construir | Town Center |
| 18:15 | Crear | Villager (Male) |
| 18:16 | Crear | Villager (Male) |
| 18:34 | Crear | Villager (Male) |
| 18:52 | Crear | Villager (Male) |
| 18:54 | Construir | Town Center |
| 18:58 | Crear | Monk |
| 19:01 | Crear | Villager (Male) |
| 19:01 | Crear | Villager (Male) |
| 19:05 | Crear | Villager (Male) |
| 19:06 | Crear | Villager (Male) |
| 19:24 | Crear | Villager (Male) |
| 19:27 | Crear | Villager (Male) |
| 19:27 | Crear | Villager (Male) |
| 19:27 | Crear | Villager (Male) |
| 19:30 | Crear | Villager (Male) |
| 19:31 | Crear | Villager (Male) |
| 19:31 | Crear | Villager (Male) |
| 19:41 | Crear | Villager (Male) |
| 19:41 | Crear | Villager (Male) |
| 19:42 | Construir | Farm |
| 19:43 | Construir | Farm |
| 19:53 | Crear | Monk |
| 20:04 | Crear | Villager (Male) |
| 20:04 | Crear | Villager (Male) |
| 20:05 | Crear | Villager (Male) |
| 20:07 | Investigar | Heavy Plow |
| 20:10 | Crear | Villager (Male) |
| 20:10 | Crear | Villager (Male) |
| 20:11 | Crear | Villager (Male) |
| 20:11 | Crear | Villager (Male) |
| 20:14 | Crear | Villager (Male) |
| 20:14 | Crear | Villager (Male) |
| 20:15 | Crear | Villager (Male) |
| 20:19 | Construir | Farm |
| 20:21 | Crear | Villager (Male) |
| 20:21 | Crear | Villager (Male) |
| 20:22 | Crear | Villager (Male) |
| 20:31 | Crear | Villager (Male) |
| 20:35 | Crear | Villager (Male) |
| 20:37 | Construir | Farm |
| 20:38 | Crear | Villager (Male) |
| 20:47 | Crear | Villager (Male) |
| 20:52 | Investigar | Bow Saw |
| 20:59 | Crear | Villager (Male) |
| 20:59 | Crear | Villager (Male) |
| 21:00 | Crear | Villager (Male) |
| 21:00 | Crear | Villager (Male) |
| 21:02 | Construir | Farm |
| 21:05 | Crear | Monk |
| 21:08 | Crear | Villager (Male) |
| 21:09 | Crear | Villager (Male) |
| 21:10 | Construir | Farm |
| 21:13 | Construir | Farm |
| 21:14 | Construir | Farm |
| 21:17 | Crear | Villager (Male) |
| 21:26 | Crear | Villager (Male) |
| 21:34 | Crear | Villager (Male) |
| 21:44 | Crear | Villager (Male) |
| 21:46 | Construir | Farm |
| 21:49 | Construir | Market |
Build order — Prad Bitt
Primeras 150 de 347 acciones detectadas
| 0:00 | Crear | Villager (Male) |
| 0:00 | Crear | Villager (Male) |
| 0:01 | Crear | Villager (Male) |
| 0:01 | Crear | Villager (Male) |
| 0:02 | Construir | House |
| 0:04 | Construir | House |
| 1:25 | Crear | Villager (Male) |
| 1:25 | Crear | Villager (Male) |
| 1:45 | Construir | Lumber Camp |
| 1:57 | Investigar | Loom |
| 1:58 | Crear | Villager (Male) |
| 2:13 | Crear | Villager (Male) |
| 2:39 | Crear | Villager (Male) |
| 2:59 | Crear | Villager (Male) |
| 2:59 | Crear | Villager (Male) |
| 3:16 | Crear | Villager (Male) |
| 3:16 | Crear | Villager (Male) |
| 3:41 | Construir | House |
| 3:54 | Crear | Villager (Male) |
| 3:54 | Crear | Villager (Male) |
| 4:48 | Crear | Villager (Male) |
| 5:06 | Crear | Villager (Male) |
| 5:06 | Crear | Villager (Male) |
| 5:33 | Construir | Mining Camp |
| 5:36 | Investigar | Loom |
| 6:25 | Investigar | Feudal Age |
| 7:30 | Construir | Mill |
| 7:37 | Crear | Villager (Male) |
| 7:37 | Crear | Villager (Male) |
| 8:01 | Construir | House |
| 8:50 | Edad | Edad Feudal |
| 8:53 | Construir | Watch Tower |
| 9:38 | Crear | Villager (Male) |
| 9:44 | Crear | Villager (Male) |
| 9:49 | Construir | House |
| 10:06 | Crear | Villager (Male) |
| 10:27 | Construir | Blacksmith |
| 10:28 | Crear | Villager (Male) |
| 10:29 | Crear | Villager (Male) |
| 10:43 | Crear | Villager (Male) |
| 11:14 | Investigar | Fletching |
| 11:15 | Crear | Villager (Male) |
| 11:45 | Crear | Villager (Male) |
| 11:57 | Construir | Watch Tower |
| 12:06 | Crear | Villager (Male) |
| 12:09 | Construir | House |
| 12:14 | Construir | Farm |
| 12:17 | Construir | Farm |
| 13:16 | Crear | Villager (Male) |
| 13:20 | Construir | Farm |
| 13:22 | Construir | Farm |
| 13:24 | Construir | Farm |
| 13:27 | Construir | Farm |
| 13:48 | Crear | Villager (Male) |
| 14:17 | Crear | Villager (Male) |
| 14:23 | Crear | Villager (Male) |
| 14:38 | Construir | Mill |
| 14:49 | Construir | Farm |
| 14:51 | Crear | Villager (Male) |
| 15:03 | Construir | Watch Tower |
| 15:14 | Crear | Villager (Male) |
| 15:18 | Construir | Mining Camp |
| 15:45 | Construir | Stone Wall |
| 15:46 | Construir | Stone Wall |
| 15:47 | Construir | Stone Wall |
| 15:48 | Construir | Stone Wall |
| 15:48 | Crear | Villager (Male) |
| 15:52 | Construir | Watch Tower |
| 15:53 | Crear | Villager (Male) |
| 16:12 | Crear | Villager (Male) |
| 16:28 | Crear | Villager (Male) |
| 16:32 | Crear | Villager (Male) |
| 16:45 | Crear | Villager (Male) |
| 16:53 | Construir | House |
| 16:58 | Investigar | Wheelbarrow |
| 17:02 | Crear | Villager (Male) |
| 17:10 | Construir | Market |
| 17:26 | Crear | Villager (Male) |
| 17:31 | Crear | Villager (Male) |
| 18:18 | Construir | House |
| 18:44 | Construir | Watch Tower |
| 19:00 | Construir | Farm |
| 19:01 | Construir | Farm |
| 19:01 | Construir | Farm |
| 19:02 | Construir | Farm |
| 19:02 | Construir | Farm |
| 19:02 | Construir | Farm |
| 19:06 | Construir | Farm |
| 19:06 | Construir | Farm |
| 19:07 | Construir | Farm |
| 19:07 | Construir | Farm |
| 19:08 | Crear | Villager (Male) |
| 19:12 | Crear | Villager (Male) |
| 19:16 | Crear | Villager (Male) |
| 19:43 | Investigar | Double-Bit Axe |
| 19:53 | Construir | House |
| 20:22 | Investigar | Castle Age |
| 20:25 | Construir | House |
| 20:28 | Construir | House |
| 20:56 | Investigar | Horse Collar |
| 21:36 | Construir | Farm |
| 21:50 | Investigar | Stone Mining |
| 22:38 | Crear | Villager (Male) |
| 22:38 | Crear | Villager (Male) |
| 22:46 | Construir | Farm |
| 22:48 | Construir | Farm |
| 23:00 | Investigar | Gold Mining |
| 23:02 | Edad | Edad de los Castillos |
| 23:12 | Construir | Castle |
| 23:20 | Construir | House |
| 23:21 | Construir | House |
| 23:23 | Construir | House |
| 23:39 | Crear | Villager (Male) |
| 23:51 | Investigar | Bow Saw |
| 23:52 | Investigar | Heavy Plow |
| 23:54 | Investigar | Stone Shaft Mining |
| 24:24 | Crear | Villager (Male) |
| 24:24 | Crear | Villager (Male) |
| 24:42 | Crear | Villager (Male) |
| 24:51 | Construir | Farm |
| 24:51 | Construir | Farm |
| 24:51 | Construir | Farm |
| 24:52 | Construir | Farm |
| 24:52 | Construir | Farm |
| 24:53 | Crear | Villager (Male) |
| 25:07 | Crear | Villager (Male) |
| 25:12 | Construir | Town Center |
| 25:17 | Crear | Villager (Male) |
| 25:27 | Crear | Villager (Male) |
| 25:33 | Crear | Villager (Male) |
| 25:38 | Crear | Villager (Male) |
| 25:58 | Investigar | Hand Cart |
| 25:58 | Crear | Villager (Male) |
| 26:03 | Construir | Farm |
| 26:04 | Construir | Farm |
| 26:07 | Construir | Farm |
| 26:09 | Construir | Farm |
| 26:10 | Crear | Villager (Male) |
| 26:12 | Crear | Villager (Male) |
| 26:15 | Crear | Villager (Male) |
| 26:19 | Crear | Villager (Male) |
| 26:20 | Construir | Farm |
| 26:24 | Construir | Farm |
| 26:26 | Construir | Farm |
| 26:29 | Construir | Farm |
| 26:36 | Crear | Villager (Male) |
| 26:45 | Construir | Farm |
| 26:47 | Investigar | Town Watch |
| 26:51 | Crear | Villager (Male) |
| 26:56 | Crear | Villager (Male) |
Build order — kingofarena
Primeras 150 de 188 acciones detectadas
| 0:01 | Crear | Villager (Male) |
| 0:01 | Crear | Villager (Male) |
| 0:03 | Construir | House |
| 0:05 | Construir | House |
| 0:21 | Crear | Villager (Male) |
| 0:21 | Crear | Villager (Male) |
| 1:29 | Crear | Villager (Male) |
| 1:30 | Crear | Villager (Male) |
| 1:54 | Crear | Villager (Male) |
| 1:55 | Crear | Villager (Male) |
| 2:13 | Construir | Lumber Camp |
| 2:24 | Crear | Villager (Male) |
| 2:25 | Crear | Villager (Male) |
| 2:25 | Crear | Villager (Male) |
| 2:29 | Crear | Villager (Male) |
| 2:29 | Crear | Villager (Male) |
| 2:55 | Crear | Villager (Male) |
| 2:55 | Crear | Villager (Male) |
| 3:05 | Crear | Villager (Male) |
| 3:27 | Crear | Villager (Male) |
| 3:48 | Construir | House |
| 3:53 | Construir | House |
| 4:25 | Crear | Villager (Male) |
| 4:26 | Crear | Villager (Male) |
| 4:26 | Crear | Villager (Male) |
| 4:47 | Crear | Villager (Male) |
| 4:47 | Crear | Villager (Male) |
| 5:03 | Crear | Villager (Male) |
| 5:06 | Crear | Villager (Male) |
| 5:12 | Construir | Mill |
| 5:17 | Crear | Villager (Male) |
| 5:57 | Construir | Mill |
| 7:07 | Crear | Villager (Male) |
| 7:08 | Crear | Villager (Male) |
| 7:43 | Investigar | Feudal Age |
| 7:45 | Construir | Mining Camp |
| 8:16 | Crear | Villager (Male) |
| 9:53 | Edad | Edad Feudal |
| 9:54 | Construir | Market |
| 9:58 | Crear | Villager (Male) |
| 10:43 | Crear | Villager (Male) |
| 10:50 | Construir | Farm |
| 10:54 | Construir | Farm |
| 10:56 | Construir | Farm |
| 11:04 | Crear | Villager (Male) |
| 11:35 | Crear | Villager (Male) |
| 11:40 | Construir | Farm |
| 11:43 | Construir | Farm |
| 11:50 | Investigar | Double-Bit Axe |
| 12:06 | Investigar | Horse Collar |
| 12:10 | Construir | Farm |
| 12:37 | Crear | Villager (Male) |
| 12:39 | Construir | Farm |
| 12:45 | Construir | Farm |
| 12:51 | Construir | Farm |
| 12:58 | Crear | Villager (Male) |
| 13:05 | Construir | Farm |
| 13:07 | Construir | Farm |
| 13:11 | Construir | Farm |
| 13:16 | Construir | Farm |
| 13:23 | Crear | Villager (Male) |
| 13:59 | Crear | Villager (Male) |
| 14:05 | Construir | Mining Camp |
| 14:50 | Crear | Villager (Male) |
| 15:17 | Crear | Villager (Male) |
| 15:21 | Construir | Farm |
| 15:23 | Construir | Farm |
| 15:47 | Construir | Farm |
| 15:51 | Crear | Villager (Male) |
| 16:10 | Crear | Villager (Male) |
| 16:48 | Crear | Villager (Male) |
| 16:55 | Construir | Market |
| 16:58 | Crear | Villager (Male) |
| 17:00 | Construir | Farm |
| 17:30 | Crear | Villager (Male) |
| 17:40 | Construir | Mill |
| 17:44 | Construir | House |
| 18:06 | Construir | Farm |
| 18:11 | Crear | Villager (Male) |
| 18:35 | Crear | Villager (Male) |
| 18:38 | Construir | Farm |
| 18:52 | Construir | Farm |
| 18:56 | Crear | Villager (Male) |
| 19:23 | Crear | Villager (Male) |
| 19:26 | Construir | Farm |
| 19:30 | Construir | Farm |
| 19:33 | Construir | Farm |
| 19:33 | Crear | Villager (Male) |
| 19:44 | Construir | Lumber Camp |
| 19:54 | Crear | Villager (Male) |
| 20:07 | Crear | Villager (Male) |
| 20:15 | Construir | Farm |
| 20:20 | Crear | Villager (Male) |
| 20:46 | Crear | Villager (Male) |
| 20:49 | Construir | Farm |
| 20:52 | Construir | Farm |
| 20:52 | Crear | Villager (Male) |
| 21:16 | Investigar | Loom |
| 21:17 | Crear | Villager (Male) |
| 21:50 | Construir | House |
| 21:55 | Construir | House |
| 22:04 | Construir | Outpost |
| 22:05 | Crear | Villager (Male) |
| 22:19 | Construir | Farm |
| 22:29 | Construir | House |
| 22:31 | Construir | House |
| 22:32 | Construir | House |
| 22:36 | Crear | Villager (Male) |
| 23:01 | Construir | House |
| 23:16 | Crear | Villager (Male) |
| 23:20 | Construir | Stone Wall |
| 23:24 | Crear | Villager (Male) |
| 23:46 | Crear | Villager (Male) |
| 23:49 | Crear | Villager (Male) |
| 24:15 | Crear | Villager (Male) |
| 24:20 | Construir | House |
| 24:22 | Construir | House |
| 24:22 | Construir | House |
| 24:30 | Construir | Stone Wall |
| 24:44 | Crear | Villager (Male) |
| 24:49 | Construir | Mill |
| 24:55 | Construir | Farm |
| 25:08 | Crear | Villager (Male) |
| 25:27 | Crear | Villager (Male) |
| 25:51 | Construir | Farm |
| 25:53 | Crear | Villager (Male) |
| 26:07 | Construir | Stone Wall |
| 26:24 | Construir | Stone Wall |
| 26:29 | Crear | Villager (Male) |
| 26:31 | Construir | Farm |
| 26:33 | Construir | Farm |
| 26:40 | Construir | House |
| 26:42 | Construir | Farm |
| 26:44 | Crear | Villager (Male) |
| 27:18 | Crear | Villager (Male) |
| 27:25 | Crear | Villager (Male) |
| 27:38 | Construir | House |
| 27:39 | Construir | House |
| 27:44 | Construir | Mill |
| 27:49 | Crear | Villager (Male) |
| 28:02 | Construir | House |
| 28:21 | Crear | Villager (Male) |
| 28:27 | Crear | Villager (Male) |
| 28:34 | Construir | Farm |
| 28:35 | Investigar | Gold Mining |
| 28:41 | Construir | Farm |
| 28:43 | Crear | Villager (Male) |
| 28:45 | Construir | House |
| 28:48 | Crear | Villager (Male) |
| 28:55 | Construir | Stone Wall |
Cronología de la partida
| 4:49 | lichu_pastore · wall_segment Palisade Wall x1 |
| 4:49 | lichu_pastore · wall_segment Palisade Wall x1 |
| 4:50 | lichu_pastore · wall_segment Palisade Wall x1 |
| 8:50 | Prad Bitt · age_up feudal |
| 8:58 | BuzZ_Melon · age_up feudal |
| 8:59 | BuzZ_Melon · first_building Stable |
| 9:53 | kingofarena · age_up feudal |
| 10:22 | lichu_pastore · age_up feudal |
| 10:36 | kingofarena · tribute_sent a jugador 1 |
| 10:36 | kingofarena · tribute_sent a jugador 2 |
| 10:36 | kingofarena · tribute_sent a jugador 3 |
| 11:57 | lichu_pastore · first_market_sell 100 stone |
| 11:59 | lichu_pastore · first_market_buy 100 wood |
| 12:36 | kingofarena · tribute_sent a jugador 1 |
| 12:36 | kingofarena · tribute_sent a jugador 2 |
| 12:36 | kingofarena · tribute_sent a jugador 3 |
| 13:30 | kingofarena · tribute_sent a jugador 1 |
| 13:30 | kingofarena · tribute_sent a jugador 2 |
| 13:30 | kingofarena · tribute_sent a jugador 3 |
| 14:55 | kingofarena · tribute_sent a jugador 1 |
| 14:55 | kingofarena · tribute_sent a jugador 2 |
| 14:55 | kingofarena · tribute_sent a jugador 3 |
| 15:10 | lichu_pastore · age_up castle |
| 15:18 | lichu_pastore · first_building Castle |
| 15:42 | kingofarena · tribute_sent a jugador 1 |
| 15:42 | kingofarena · tribute_sent a jugador 2 |
| 15:42 | kingofarena · tribute_sent a jugador 3 |
| 15:45 | Prad Bitt · wall_segment Stone Wall x1 |
| 15:46 | Prad Bitt · wall_segment Stone Wall x1 |
| 15:47 | Prad Bitt · wall_segment Stone Wall x1 |
| 15:48 | Prad Bitt · wall_segment Stone Wall x1 |
| 16:06 | kingofarena · tribute_sent a jugador 1 |
| 16:06 | kingofarena · tribute_sent a jugador 2 |
| 16:06 | kingofarena · tribute_sent a jugador 3 |
| 16:39 | kingofarena · tribute_sent a jugador 1 |
| 16:39 | kingofarena · tribute_sent a jugador 2 |
| 16:39 | kingofarena · tribute_sent a jugador 3 |
| 17:09 | kingofarena · tribute_sent a jugador 1 |
| 17:09 | kingofarena · tribute_sent a jugador 2 |
| 17:09 | kingofarena · tribute_sent a jugador 3 |
| 17:43 | lichu_pastore · first_building Siege Workshop |
| 17:55 | kingofarena · tribute_sent a jugador 1 |
| 17:55 | kingofarena · tribute_sent a jugador 2 |
| 17:55 | kingofarena · tribute_sent a jugador 3 |
| 18:03 | kingofarena · tribute_sent a jugador 1 |
| 18:03 | kingofarena · tribute_sent a jugador 2 |
| 18:03 | kingofarena · tribute_sent a jugador 3 |
| 18:05 | BuzZ_Melon · age_up castle |
| 18:11 | BuzZ_Melon · first_building Monastery |
| 18:20 | kingofarena · tribute_sent a jugador 1 |
| 18:20 | kingofarena · tribute_sent a jugador 2 |
| 18:20 | kingofarena · tribute_sent a jugador 3 |
| 18:40 | Prad Bitt · first_market_buy 100 wood |
| 19:00 | kingofarena · tribute_sent a jugador 1 |
| 19:00 | kingofarena · tribute_sent a jugador 2 |
| 19:00 | kingofarena · tribute_sent a jugador 3 |
| 20:03 | kingofarena · tribute_sent a jugador 1 |
| 20:03 | kingofarena · tribute_sent a jugador 2 |
| 20:03 | kingofarena · tribute_sent a jugador 3 |
| 20:19 | Prad Bitt · first_market_sell 100 stone |
| 20:25 | kingofarena · tribute_sent a jugador 1 |
| 20:25 | kingofarena · tribute_sent a jugador 2 |
| 20:25 | kingofarena · tribute_sent a jugador 3 |
| 20:28 | kingofarena · tribute_sent a jugador 1 |
| 20:28 | kingofarena · tribute_sent a jugador 2 |
| 20:28 | kingofarena · tribute_sent a jugador 3 |
| 21:01 | kingofarena · tribute_sent a jugador 1 |
| 21:01 | kingofarena · tribute_sent a jugador 2 |
| 21:01 | kingofarena · tribute_sent a jugador 3 |
| 21:45 | kingofarena · tribute_sent a jugador 1 |
| 21:45 | kingofarena · tribute_sent a jugador 2 |
| 21:45 | kingofarena · tribute_sent a jugador 3 |
| 23:02 | Prad Bitt · age_up castle |
| 23:06 | kingofarena · tribute_sent a jugador 1 |
| 23:06 | kingofarena · tribute_sent a jugador 2 |
| 23:06 | kingofarena · tribute_sent a jugador 3 |
| 23:11 | kingofarena · tribute_sent a jugador 1 |
| 23:11 | kingofarena · tribute_sent a jugador 2 |
| 23:11 | kingofarena · tribute_sent a jugador 3 |
| 23:12 | Prad Bitt · first_building Castle |
| 23:20 | kingofarena · wall_segment Stone Wall x15 |
| 23:59 | lichu_pastore · wall_segment Stone Wall x1 |
| 24:05 | kingofarena · tribute_sent a jugador 1 |
| 24:05 | kingofarena · tribute_sent a jugador 2 |
| 24:05 | kingofarena · tribute_sent a jugador 3 |
| 24:30 | kingofarena · wall_segment Stone Wall x8 |
| 24:43 | kingofarena · tribute_sent a jugador 1 |
| 24:43 | kingofarena · tribute_sent a jugador 2 |
| 24:43 | kingofarena · tribute_sent a jugador 3 |
| 25:07 | lichu_pastore · age_up imperial |
| 25:07 | kingofarena · tribute_sent a jugador 1 |
| 25:07 | kingofarena · tribute_sent a jugador 2 |
| 25:07 | kingofarena · tribute_sent a jugador 3 |
| 25:21 | BuzZ_Melon · first_building Archery Range |
| 25:33 | BuzZ_Melon · first_market_sell 100 wood |
| 25:48 | kingofarena · tribute_sent a jugador 1 |
| 25:48 | kingofarena · tribute_sent a jugador 2 |
| 25:48 | kingofarena · tribute_sent a jugador 3 |
| 26:07 | kingofarena · wall_segment Stone Wall x18 |
| 26:13 | kingofarena · tribute_sent a jugador 1 |
| 26:13 | kingofarena · tribute_sent a jugador 2 |
| 26:13 | kingofarena · tribute_sent a jugador 3 |
| 26:24 | kingofarena · wall_segment Stone Wall x18 |
| 26:37 | kingofarena · tribute_sent a jugador 1 |
| 26:37 | kingofarena · tribute_sent a jugador 2 |
| 26:37 | kingofarena · tribute_sent a jugador 3 |
| 26:57 | kingofarena · tribute_sent a jugador 1 |
| 26:57 | kingofarena · tribute_sent a jugador 2 |
| 26:57 | kingofarena · tribute_sent a jugador 3 |
| 27:11 | kingofarena · tribute_sent a jugador 1 |
| 27:11 | kingofarena · tribute_sent a jugador 2 |
| 27:11 | kingofarena · tribute_sent a jugador 3 |
| 27:55 | kingofarena · tribute_sent a jugador 1 |
| 27:55 | kingofarena · tribute_sent a jugador 2 |
| 27:55 | kingofarena · tribute_sent a jugador 3 |
| 28:15 | kingofarena · tribute_sent a jugador 1 |
| 28:15 | kingofarena · tribute_sent a jugador 2 |
| 28:15 | kingofarena · tribute_sent a jugador 3 |
| 28:26 | kingofarena · tribute_sent a jugador 1 |
| 28:26 | kingofarena · tribute_sent a jugador 2 |
| 28:26 | kingofarena · tribute_sent a jugador 3 |
| 28:55 | kingofarena · wall_segment Stone Wall x7 |
| 29:13 | kingofarena · tribute_sent a jugador 1 |
| 29:13 | kingofarena · tribute_sent a jugador 2 |
| 29:13 | kingofarena · tribute_sent a jugador 3 |
| 29:33 | kingofarena · tribute_sent a jugador 1 |
| 29:33 | kingofarena · tribute_sent a jugador 2 |
| 29:33 | kingofarena · tribute_sent a jugador 3 |
| 29:33 | BuzZ_Melon · age_up imperial |
| 29:33 | BuzZ_Melon · first_market_buy 100 food |
| 29:42 | Prad Bitt · first_building Barracks |
| 30:06 | kingofarena · tribute_sent a jugador 1 |
| 30:06 | kingofarena · tribute_sent a jugador 2 |
| 30:06 | kingofarena · tribute_sent a jugador 3 |
| 30:09 | Prad Bitt · tribute_sent a jugador 1 |
| 30:09 | Prad Bitt · tribute_sent a jugador 2 |
| 30:09 | Prad Bitt · tribute_sent a jugador 4 |
| 30:13 | kingofarena · tribute_sent a jugador 1 |
| 30:13 | kingofarena · tribute_sent a jugador 2 |
| 30:13 | kingofarena · tribute_sent a jugador 3 |
| 30:27 | kingofarena · tribute_sent a jugador 1 |
| 30:27 | kingofarena · tribute_sent a jugador 2 |
| 30:27 | kingofarena · tribute_sent a jugador 3 |
| 30:40 | kingofarena · tribute_sent a jugador 1 |
| 30:40 | kingofarena · tribute_sent a jugador 2 |
| 30:40 | kingofarena · tribute_sent a jugador 3 |
| 30:46 | Prad Bitt · first_building Archery Range |
| 31:26 | kingofarena · tribute_sent a jugador 1 |
| 31:26 | kingofarena · tribute_sent a jugador 2 |
| 31:26 | kingofarena · tribute_sent a jugador 3 |
| 31:43 | kingofarena · tribute_sent a jugador 1 |
| 31:43 | kingofarena · tribute_sent a jugador 2 |
| 31:43 | kingofarena · tribute_sent a jugador 3 |
| 32:11 | kingofarena · first_market_sell 100 food |
| 32:12 | kingofarena · first_market_buy 100 wood |
| 32:22 | kingofarena · tribute_sent a jugador 1 |
| 32:22 | kingofarena · tribute_sent a jugador 2 |
| 32:22 | kingofarena · tribute_sent a jugador 3 |
| 32:54 | kingofarena · tribute_sent a jugador 1 |
| 32:54 | kingofarena · tribute_sent a jugador 2 |
| 32:54 | kingofarena · tribute_sent a jugador 3 |
| 33:11 | kingofarena · tribute_sent a jugador 1 |
| 33:11 | kingofarena · tribute_sent a jugador 2 |
| 33:11 | kingofarena · tribute_sent a jugador 3 |
| 33:21 | kingofarena · tribute_sent a jugador 1 |
| 33:21 | kingofarena · tribute_sent a jugador 2 |
| 33:21 | kingofarena · tribute_sent a jugador 3 |
| 33:42 | Prad Bitt · tribute_sent a jugador 1 |
| 33:42 | Prad Bitt · tribute_sent a jugador 2 |
| 33:42 | Prad Bitt · tribute_sent a jugador 4 |
| 34:21 | kingofarena · tribute_sent a jugador 1 |
| 34:21 | kingofarena · tribute_sent a jugador 2 |
| 34:21 | kingofarena · tribute_sent a jugador 3 |
| 34:46 | kingofarena · tribute_sent a jugador 1 |
| 34:46 | kingofarena · tribute_sent a jugador 2 |
| 34:46 | kingofarena · tribute_sent a jugador 3 |
| 34:54 | kingofarena · tribute_sent a jugador 1 |
| 34:54 | kingofarena · tribute_sent a jugador 2 |
| 34:54 | kingofarena · tribute_sent a jugador 3 |
| 35:12 | kingofarena · tribute_sent a jugador 1 |
| 35:12 | kingofarena · tribute_sent a jugador 2 |
| 35:12 | kingofarena · tribute_sent a jugador 3 |
| 36:02 | Prad Bitt · age_up imperial |
| 36:38 | kingofarena · tribute_sent a jugador 1 |
| 36:38 | kingofarena · tribute_sent a jugador 2 |
| 36:38 | kingofarena · tribute_sent a jugador 3 |
| 37:30 | kingofarena · first_building Barracks |
| 37:51 | Prad Bitt · first_building Siege Workshop |
| 37:52 | lichu_pastore · resign |
[ ANÁLISIS IA · 1 CRÉDITO ]
¿Qué pasó realmente en esta partida?
Wolo.gg analiza cada decisión: build order, eco, micro, errores típicos por bracket. Análisis personalizado por WhatsApp o Discord en 30 segundos.
Guía civ
Turcos
Perfil
lichu_pastore